 Dungeon Crawl Stone Soup version 0.20-a0-1122-gb7cbeb9 (webtiles) character file.

90 Keye the Poker (level 4, 0/33 HPs)
             Began as a Merfolk Gladiator on May 12, 2017.
             Slain by an orc (4 damage)
             ... on level 3 of the Dungeon.
             The game lasted 00:02:21 (1604 turns).

Keye the Poker (Merfolk Gladiator)                  Turns: 1604, Time: 00:02:22

Health: 0/33       AC:  9    Str: 14    XL:     4   Next: 56%
Magic:  4/4        EV:  7    Int:  7    God:
Gold:   133        SH:  0    Dex: 16    Spells: 3/3 levels left

rFire    . . .     SeeInvis .   a - +0 trident
rCold    . . .     Gourm    .   (no shield)
rNeg     . . .     Faith    .   o - +0 chain mail
rPois    .         Spirit   .   c - +0 helmet
rElec    .         Reflect  .   (no cloak)
rCorr    .         Harm     .   (no gloves)
MR       .....                  (no boots)
Stlth    ..........             (no amulet)
Regen    0.2/turn               (no ring)
MPRegen  0.1/turn               (no ring)

@: no status effects
A: change form in water, swift swim, stealthy swim
a: no special abilities


You were on level 3 of the Dungeon.
You were not hungry.

You visited 1 branch of the dungeon, and saw 3 of its levels.

You collected 133 gold pieces.

Inventory:

Hand Weapons
 a - a +0 trident (weapon)
Missiles
 d - 3 throwing nets (quivered)
Armour
 b - a +0 leather armour
 c - a +0 helmet (worn)
 o - a +0 chain mail (worn)
Jewellery
 q - an uncursed ring of positive energy {unknown}
Scrolls
 e - 2 scrolls of noise {unknown}
 p - 2 scrolls of identify {unknown}
Potions
 g - a potion of berserk rage {unknown}
 h - 2 potions of curing {unknown}
 i - 3 potions of heal wounds {unknown}
 j - a potion of degeneration {unknown}
 k - a potion of ambrosia {unknown}
Comestibles
 f - 2 bread rations
 l - 5 chunks of flesh
 m - 3 meat rations
 n - 2 royal jellies


   Skills:
 - Level 2.1 Fighting
 + Level 7.5 Polearms
 - Level 2.0 Throwing
 - Level 4.0 Dodging


You had 3 spell levels left.
You didn't know any spells.

Dungeon Overview and Level Annotations

Branches:
Dungeon (3/15)

Altars:
Fedhas


Message History

* * * LOW HITPOINT WARNING * * *
The orc priest looks satisfied for a moment.
There is an open door here.
You are too injured to fight recklessly!
You are too injured to fight recklessly!
You are too injured to fight recklessly!
You are too injured to fight recklessly!
You are too injured to fight recklessly!
The orc barely misses you.
You hit the orc.
The orc is lightly wounded.
You hit the orc.
The orc is heavily wounded.
The orc hits you.
* * * LOW HITPOINT WARNING * * *
The orc priest casts a cantrip, but nothing happens.
You closely miss the orc.
The orc is heavily wounded.
The orc hits you.
You die...

.# .####
....######
....o....#
.........#
....).o..####
###.........######
#########.##o.o#
#.......##.#@#
#.......'..#.#
#.......####.#
#.......# #.#
#.......# #.#
#(..(...# #.#
#.......# #.#
#.......# #.#
##.......# #.#


You could see an orc priest and an orc.

Vanquished Creatures
  3 adders (D:2)
  An ooze (D:2)
  2 worms
  2 dart slugs (D:1)
  A leopard gecko (D:2)
  3 bats
  5 goblins
  10 hobgoblins
  4 jackals (D:3)
  5 kobolds
  2 frilled lizards
  10 rats
48 creatures vanquished.

Notes
Turn   | Place    | Note
-------+----------+-------------------------------------------
     0 | D:1      | Keye the Merfolk Gladiator began the quest for the Orb.
     0 | D:1      | Reached XP level 1. HP: 16/16 MP: 1/1
   100 | D:1      | Reached skill level 5 in Polearms
   100 | D:1      | Reached XP level 2. HP: 20/22 MP: 2/2
   296 | D:1      | Reached XP level 3. HP: 15/27 MP: 3/3
   326 | D:1      | Reached skill level 6 in Polearms
  1009 | D:2      | Found a faded altar of an unknown god.
  1042 | D:2      | Reached skill level 7 in Polearms
  1042 | D:2      | Reached XP level 4. HP: 23/33 MP: 4/4
  1534 | D:3      | Found a blossoming altar of Fedhas.
  1604 | D:3      | Slain by an orc

Vault maps used:
D:1:      evilmike_arrival_run_for_it, nrook_mini_backslash, minmay_pentomino_t2
D:2:      chequers_ecumenical_altar_simple_redux, minmay_misc_feat_ornament
D:3:      marbit_many_paths, fedhas_altar_3

Skill      XL: |  1  2  3 |
---------------+----------+-----
Polearms       | 5 7 |  7.5
Fighting       | |  2.1
Throwing       | |  2.0
Dodging        | |  4.0

Action                   |  1- 3 |  4- 6 || total
-------------------------+-------+-------++-------
Melee: Trident           |   125 |    47 ||   172
 Stab: Sleeping          |     1 |       ||     1
  Eat: Chunk             |     1 |     1 ||     2
Armor: Leather armour    |     9 |       ||     9
       Chain mail        |     8 |    24 ||    32
Dodge: Dodged            |    58 |    14 ||    72
